 Dungeon Crawl Stone Soup version 0.15.2 (webtiles) character file.

128 MistressOfTheSands the Insei (level 4, -8/35 HPs)
             Began as a Mummy Monk on Nov 9, 2015.
             Killed from afar by an orc wizard (12 damage)
             ... with a puff of flame
             ... on Level 3 of the Dungeon.
             The game lasted 00:02:18 (1793 turns).

MistressOfTheSands the Insei (Mummy Monk)           Turns: 1793, Time: 00:02:19

HP  -8/35        AC  3     Str 14      XL: 4   Next: 87%
MP   4/4         EV 13     Int  9      God:
Gold 65          SH  0     Dex 15      Spells:  0 memorised,  3 levels left

rFire  x . .     SeeInvis .       - Unarmed
rCold  + . .     Clarity  .     a - +1 robe
rNeg   + + +     rCorr    .     (no shield)
rPois  +         rRot     +     b - +2 hat
rElec  .         Spirit   .     (no cloak)
SustAb .         Warding  .     (no gloves)
rMut   .         Stasis   .     (no boots)
Gourm  .                        c - amulet of rage
MR     .....                    i - cursed -2 ring of protection
                                d - ring of stealth

@: not resistant to hostile enchantments, fairly stealthy
A: no food or potions, fire vulnerability, restore body, cold resistance 1,
negative energy resistance 3, poison resistance, torment resistance, unbreathing
a: no special abilities


You were on level 3 of the Dungeon.
You were not hungry.

You visited 1 branch of the dungeon, and saw 3 of its levels.

You collected 65 gold pieces.


Innate Abilities, Weirdness & Mutations

You do not eat or drink.
Your flesh is vulnerable to fire.
Your flesh is cold resistant.
You are immune to negative energy.
Your system is resistant to poisons.
You are immune to unholy pain and torment.
You can survive without breathing.


   Skills:
 - Level 3.0 Fighting
 - Level 2.4 Dodging
 - Level 1.5 Stealth
 + Level 5.2 Unarmed Combat


You had 3 spell levels left.
You didn't know any spells.

Inventory:

Armour
 a - a +1 robe (worn)
 b - a +2 hat (worn)
Jewellery
 c - an amulet of rage (around neck)
 d - a ring of stealth (left hand)
 i - a cursed -2 ring of protection (right hand)

Dungeon Overview and Level Annotations

Branches:
Dungeon (3/15)

Altars:

♣♣## #)..#..............
♣♣♣♣..### #.(.........#...!..
.P♣....)..######....###.####<)♣.♣
.......<......#.........# ##.#..
##.#.w..............##### #.♣..
#...##........##.### #.... #..
##......###.# #.♣.. #.
.........♣♣♣♣♣♣## #.#.. .
.......oM)......# #.♣#♣
.###...oo♣♣♣♣♣♣.# #.#..
.##....... #...# . #.#......
##### ..........# ##..###### #..
..


You could see 3 orcs.


Message History

You are too injured to fight recklessly!
You are too injured to fight recklessly!
You are too injured to fight recklessly!
You are too injured to fight recklessly!
You are too injured to fight recklessly!
You are too injured to fight recklessly!
You are too injured to fight recklessly!
You are too injured to fight recklessly!
You are too injured to fight recklessly!
You are too injured to fight recklessly!
You are too injured to fight recklessly!
You are too injured to fight recklessly!
You are too injured to fight recklessly!
You are too injured to fight recklessly!
You are too injured to fight recklessly!
You are too injured to fight recklessly!
You are too injured to fight recklessly!
You are too injured to fight recklessly!
You are too injured to fight recklessly!
You are too injured to fight recklessly!
You are too injured to fight recklessly!
You are too injured to fight recklessly!
You are too injured to fight recklessly!
Unknown command.
You closely miss the orc.
The orc is heavily wounded.
The orc closely misses you.
You hear some strange, mumbled words.
The puff of flame hits you! The fire burns you terribly!
You die...

Action                   |  1- 3 |  4- 6 || total
-------------------------+-------+-------++-------
Melee: Unarmed           |   111 |    41 ||   152
  Use: Scroll            |       |     4 ||     4
 Stab: Sleeping          |     4 |       ||     4

Vault maps used:
D:1:      shiori_arrival_maze, hangedman_decor_points, minmay_misc_feat_ornament
D:3:      serial_forest, infiniplex_forest_lined_room_2,
          infiniplex_forest_clump_double, infiniplex_forest_lined_corner,
          infiniplex_forest_end_2, infiniplex_forest_straight_2,
          infiniplex_forest_lined_2, infiniplex_forest_end_double, uniq_grinder,
          uniq_jessica, uniq_iyjb

Notes
Turn   | Place    | Note
--------------------------------------------------------------
     0 | D:1      | MistressOfTheSands, the Mummy Monk, began the quest for the Orb.
     0 | D:1      | Reached XP level 1. HP: 18/18 MP: 1/1
   368 | D:1      | Reached XP level 2. HP: 18/24 MP: 2/2
   926 | D:2      | Reached skill level 4 in Unarmed Combat
  1125 | D:2      | Reached XP level 3. HP: 24/29 MP: 3/3
  1555 | D:3      | Noticed Jessica
  1556 | D:3      | Killed Jessica
  1556 | D:3      | Reached XP level 4. HP: 35/35 MP: 4/4
  1791 | D:3      | Reached skill level 5 in Unarmed Combat
  1793 | D:3      | Killed from afar by an orc wizard

Vanquished Creatures
  An orc wizard (D:3)
  Jessica (D:3)
  2 adders
  A giant mite (D:2)
  4 worms (D:2)
  7 bats
  5 goblins
  3 hobgoblins (D:1)
  2 giant geckos (D:2)
  5 giant newts
  3 kobolds
  4 rats
38 creatures vanquished.
